 Dungeon Crawl Stone Soup version 0.20-a0-351-gc9b4002 (webtiles) character file.

139412 terra53 the Peltast (level 17, -2/150 HPs)
             Began as a Gargoyle Fighter on Dec 25, 2016.
             Was a Follower of Okawaru.
             Killed from afar by a starcursed mass (12 damage)
             ... with an accursed screaming
             ... on level 4 of the Abyss.
             The game lasted 03:18:41 (30769 turns).

terra53 the Peltast (Gargoyle Fighter)             Turns: 30769, Time: 03:18:41

Health: -2/150     AC: 36    Str: 48    XL:     17   Next: 28%
Magic:  12/12      EV:  9    Int: -2 (5) God:    Okawaru [*.....]
Gold:   394        SH: 28    Dex:  5    Spells: 16/16 levels left

rFire  x . .     SeeInvis +     g - +8 whip "Snakebite" {curare, rPois}
rCold  + . .     Gourm    +     I - +6 scale mail of Pantheism {+Blink Str+4}
rNeg   + + .     Faith    .     u - +3 large shield of Darkness {rElec rPois MR++ SInv}
rPois  ∞         Spirit   .     G - +2 hat {MR+}
rElec  +         Reflect  .     T - +1 cloak
rCorr  .         Harm     .     j - +1 pair of gloves
MR     +++++     Rnd*Rage +     c - +2 pair of boots of the Devil's Team {rC+ MR+}
Stlth  ..........               k - amulet of the gourmand
                                N - +4 ring of strength
                                E - ring of Inasom {rElec rF- rN+ MP-9 Str+6}

@: mighty, berserking, flying, slowed, lost intelligence
A: big wings, berserk 3, clumsy 2, deformed body, deterioration 2, dopey 2,
frail 1, negative energy resistance 1, electricity resistance, strong 1,
unbreathing, petrification resistance, no device heal 1, rot immunity, subdued
magic 2, MP-powered wands, AC +12
a: Stop Flying, Heroism, Renounce Religion, Evoke Blink


You were on level 4 of the Abyss.
You worshipped Okawaru.
Okawaru was aware of your devotion.
You were not hungry.

You visited 7 branches of the dungeon, and saw 26 of its levels.
You visited the Abyss 2 times.
You visited 1 bazaar.
You also visited: Ice Cave.

You collected 2275 gold pieces.
You spent 1881 gold pieces at shops.

Inventory:

Hand Weapons
 g - the +8 whip "Snakebite" (weapon) {curare, rPois}
   (You found it on level 2 of the Lair of Beasts)

   It poisons the flesh of those it strikes.
   It protects you from poison.
 y - a +7 flail of holy wrath
 Z - the +9 hand axe "Qaetizuwk" {chop, Str+2}
   (You bought it in a shop on level 2 of the Orcish Mines)

   It inflicts extra damage upon your enemies.
   It affects your strength (+2).
Missiles
 s - a tomahawk of dispersal (quivered)
Armour
 c - the +2 pair of boots of the Devil's Team (worn) {rC+ MR+}
   (You found it in an ice cave)

   It protects you from cold.
   It affects your resistance to hostile enchantments.
 i - a +4 chain mail of fire resistance
 j - a +1 pair of gloves (worn)
 u - the +3 large shield of Darkness (worn) {rElec rPois MR++ SInv}
   (Okawaru gifted it to you on level 3 of the Snake Pit)

   It insulates you from electricity.
   It protects you from poison.
   It affects your resistance to hostile enchantments.
   It lets you see invisible.
 G - a +2 hat of magic resistance (worn)
 I - the +6 scale mail of Pantheism (worn) {+Blink Str+4}
   (You bought it in a shop on level 1 of the Snake Pit)

   It affects your strength (+4).
   It lets you blink.
 L - a +2 helmet of see invisible
 T - a +1 cloak (worn)
 V - the +3 ice dragon scales of Kotobej {rF- rC++ MR+}
   (You found it in an ice cave)

   It makes you vulnerable to fire.
   It greatly protects you from cold.
   It affects your resistance to hostile enchantments.
Jewellery
 k - an amulet of the gourmand (around neck)
 x - an uncursed ring of see invisible
 E - the ring of Inasom (left hand) {rElec rF- rN+ MP-9 Str+6}
   (You found it on level 7 of the Dungeon)

   [ring of positive energy]

   It affects your strength (+6).
   It makes you vulnerable to fire.
   It insulates you from electricity.
   It protects you from negative energy.
   It affects your magic capacity (-9).
 M - an uncursed ring of teleportation
 N - a +4 ring of strength (right hand)
Wands
 b - a wand of iceblast (7/15)
 h - a wand of flame (39/48)
 v - a wand of confusion (19/48)
 B - a wand of acid (6/15)
 C - a wand of digging (13/24)
 J - a wand of lightning (4/15)
 K - a wand of paralysis (8/24)
 U - a wand of slowing (28/48)
Scrolls
 e - 4 scrolls of teleportation
 l - a scroll of brand weapon
 p - 4 scrolls of recharging
 t - 9 scrolls of remove curse
 A - 2 scrolls of identify
 O - a scroll of holy word {unknown}
 W - a scroll of torment
Potions
 o - 6 potions of curing
 q - 2 potions of lignification
 r - 2 potions of brilliance
 z - a potion of might
 H - 2 potions of magic
 Q - a potion of agility
Miscellaneous
 a - a phial of floods
 X - a lamp of fire (inert)
Comestibles
 d - 13 meat rations
 m - 5 beef jerkies
 n - 7 bread rations


   Skills:
 * Level 14.3 Fighting
 - Level 5.0(11.1) Axes
 * Level 16.1(16.4) Maces & Flails
 * Level 13.2 Armour
 - Level 2.9 Dodging
 - Level 1.0 Stealth
 * Level 16.4 Shields
 - Level 6.0 Invocations
 + Level 6.5 Evocations


You had 16 spell levels left.
You didn't know any spells.

Dungeon Overview and Level Annotations

Branches:
Dungeon (15/15)            Temple (1/1) D:6            Lair (3/6) D:10
  Swamp (0/4) Lair:3        Snake (3/4) Lair:3          Orc (2/2) D:9
    Elf (1/3) Orc:2        Vaults (0/5) D:13         Depths (1/5) D:15

Altars:
Ashenzari
Cheibriados
Dithmenos
Elyvilon
Fedhas
Gozag
Hepliaklqana
Makhleb
Nemelex Xobeh
Okawaru
Ru
Uskayaw
Xom
Zin
Beogh

Shops:
D:8 *=   D:14 (   Orc:2 :=%(   Snake:1 *[}[


Innate Abilities, Weirdness & Mutations

You are resistant to torment.
Your stone body is resilient. (AC +12)
You are immune to poison.
Your large and strong wings let you fly indefinitely.
You resist negative energy. (rN+)
You are resistant to electric shocks. (rElec)
You can survive without breathing.
You are immune to petrification.
You are immune to rotting.
You are frail. (-10% HP)
Your muscles are strong. (Str +2)
Potions are less effective at restoring your health.
[You have an uncontrollable temper.]
[You are very clumsy. (Dex -4)]
[Armour fits poorly on your strangely shaped body.]
[Your body often deteriorates upon taking damage.]
[You are very dopey. (Int -4)]
[Your spells are easier to cast, but less powerful.]
[You expend magic power (3 MP) to strengthen your wands.]


Message History

A deafening chorus of shrieks assaults your mind!
* * * LOW HITPOINT WARNING * * *
You block the ufetubus's attack. x2; The worldbinder moves out of view.
You block the ufetubus's attack. x2
The wretched star pulses with an eldritch light!
Your connection to magic feels subdued.
Your connection to magic feels more subdued.
The starcursed mass engulfs you but does no damage.
The ynoxinul hits you but does no damage.
You whack the ynoxinul!
You kill the ynoxinul!
Okawaru accepts your kill. You block the ufetubus's attack.
The ufetubus hits you but does no damage.
You block the ufetubus's attack. The ufetubus closely misses you.
Unknown command.
You thrash the ufetubus!!
You kill the ufetubus!
A deafening chorus of shrieks assaults your mind!
You die...

. .. ..≈ YY # ...
..##.§≈YY35+ .
....#.#..≈§§ Y##
##.##..v..§§5≈Y ####
#.#.5...#≈3≈ §§... .
#.#5#*..5§≈≈§≈§....Y
#.#.5535##35§§§§
≈≈≈. § #v.v55∩#
x5§§≈≈# # # #
#.5XX@#55 3§§§ §≈ ≈
...#X#X##
W5e§..§.... §
#X##5#w..e5 .. . .v#
..#...v .. .. ##..
.. #........ x... ##
.#..... . ..### ....
... #. ## . . ... .
..


You could see 5 starcursed masses, a spatial maelstrom, a wretched star, 3
spatial vortices, a worldbinder, a ynoxinul and 8 ufetubi.

Vanquished Creatures
  Frances (D:14)
  2 nagarajas (Snake:3)
  2 orc warlords
  Louise (D:14)
  Josephine (D:13)
  A fire dragon (Depths:1)
  2 ogre magi (D:15)
  7 naga warriors
  The ghost of Shayle the Fighter, a journeyman GrFi of Qazlal (IceCv)
  7 hydras
  8 vault guards (D:13)
  3 centaur warriors
  A death knight (D:15)
  8 anacondas
  11 two-headed ogres
  2 shock serpents (Snake:2)
  3 tengu warriors
  4 orc high priests (Orc:2)
  9 naga sharpshooters
  Urug (Orc:1)
  5 skeletal warriors
  3 unseen horrors
  2 salamander mystics
  2 wizards (D:14)
  4 naga ritualists
  A deep troll (D:15)
  An obsidian statue (Snake:1)
  A phantasmal warrior (D:15)
  9 mana vipers
  4 orc knights
  7 orc sorcerers
  8 ugly things
  4 deep elf magi (Elf:1)
  3 manticores
  2 cyclopes
  11 salamanders
  24 black mambas
  4 guardian serpents
  Maurice (D:9)
  A gargoyle (D:15)
  15 naga magi
  An eye of devastation (shapeshifter) (D:15)
  2 ice statues (IceCv)
  5 spiny frogs
  A kobold demonologist (D:12)
  4 komodo dragons
  A freezing wraith (D:14)
  12 ice devils (IceCv)
  8 trolls
  Grinder (D:3)
  3 blink frogs (Lair:3)
  The ghost of Thrkk the Sneak, an amateur OpMo (D:4)
  3 hippogriffs
  2 dream sheep (D:9)
  Sigmund (D:5)
  A vampire (D:14)
  3 wyverns
  A shadow (D:15)
  Eustachio (D:5)
  A ynoxinul (Abyss:4)
  4 redbacks (Snake:2)
  6 wraiths
  50 yaks
  Grum (D:8)
  2 basilisks
  A hungry ghost (D:11)
  5 vampire mosquitoes (D:15)
  34 nagas
  5 wargs (Orc:2)
  Edmund (D:6)
  10 water moccasins
  4 porcupines
  58 orc warriors
  3 ice beasts
  8 sky beasts
  4 phantoms
  2 black bears (D:6)
  5 wolves
  23 ogres
  6 centaurs
  11 crocodiles
  6 big kobolds
  A wyvern zombie (D:14)
  13 bullfrogs
  2 scorpions
  14 wights
  7 howler monkeys
  3 electric eels (Lair:3)
  3 crimson imps
  A quasit (D:9)
  4 hounds
  A jelly (D:7)
  36 orc wizards
  4 bullfrog skeletons
  5 centaur skeletons
  42 orc priests
  Jessica (D:3)
  An iguana (D:9)
  Terence (D:3)
  12 worker ants
  A hound skeleton (D:7)
  A mummy (D:7)
  A worker ant zombie (D:6)
  22 adders
  2 shadow imps
  21 white imps
  5 ufetubi (IceCv)
  An ooze (D:3)
  An adder skeleton (D:5)
  An adder zombie (D:5)
  4 worms
  2 dart slugs
  5 leopard geckos
  161 orcs
  8 bats
  8 giant cockroaches
  7 goblins
  10 hobgoblins
  16 jackals
  3 quokkas
  A ball python (D:1)
  6 frilled lizards
  22 kobolds
  3 kobold zombies (D:7)
  2 leopard gecko skeletons
  An orc zombie (D:7)
  A quokka skeleton (D:5)
  7 rats
  2 plants (Lair:3)
  A starspawn tentacle (Abyss:4)
965 creatures vanquished.

Vanquished Creatures (collateral kills)
  An anaconda (Snake:3)
  A black mamba (Snake:3)
2 creatures vanquished.

Vanquished Creatures (others)
  A reaper (IceCv)
  A white imp (IceCv)
  2 ufetubi (IceCv)
  A fungus (Lair:2)
  A lurking horror (Abyss:4)
  A plant (Lair:3)
  8 starspawn tentacles (Abyss:4)
15 creatures vanquished.

Grand Total: 982 creatures vanquished

Notes
Turn   | Place    | Note
-------+----------+-------------------------------------------
     0 | D:1      | terra53 the Gargoyle Fighter began the quest for the Orb.
     0 | D:1      | Reached XP level 1. HP: 14/14 MP: 1/1
   101 | D:1      | Reached XP level 2. HP: 15/19 MP: 2/2
   409 | D:1      | Reached XP level 3. HP: 17/23 MP: 3/3
   999 | D:2      | Reached XP level 4. HP: 25/29 MP: 4/4
  1403 | D:3      | Reached XP level 5. HP: 33/33 MP: 5/5
  1488 | D:3      | Noticed Jessica
  1497 | D:3      | Killed Jessica
  1497 | D:3      | Reached skill level 1 in Dodging
  1545 | D:3      | Noticed Grinder
  1613 | D:3      | Reached XP level 6. HP: 33/38 MP: 6/6
  1621 | D:3      | Paralysed by Grinder for 4 turns
  1629 | D:3      | Paralysed by Grinder for 6 turns
  1639 | D:3      | Killed Grinder
  1639 | D:3      | Reached XP level 7. HP: 15/44 MP: 7/7
  1922 | D:3      | Noticed Terence
  1929 | D:3      | Killed Terence
  1929 | D:3      | Reached skill level 5 in Shields
  2189 | D:3      | Found a faded altar of an unknown god.
  2531 | D:4      | Noticed Thrkk's ghost (amateur OpMo)
  2559 | D:4      | Killed Thrkk's ghost
  2559 | D:4      | Reached skill level 5 in Maces & Flails
  2744 | D:4      | Found a hazy altar of Hepliaklqana.
  2773 | D:4      | Reached skill level 5 in Armour
  2876 | D:4      | Reached XP level 8. HP: 33/48 MP: 8/8
  3229 | D:5      | Entered Level 5 of the Dungeon
  3240 | D:5      | Noticed Eustachio
  3337 | D:5      | Noticed Sigmund
  3353 | D:5      | Killed Eustachio
  3377 | D:5      | Killed Sigmund
  3377 | D:5      | Reached skill level 5 in Fighting
  3747 | D:5      | Found a snail-covered altar of Cheibriados.
  4156 | D:5      | Reached XP level 9. HP: 54/54 MP: 9/9
  4315 | D:6      | Found a shimmering altar of Xom.
  4514 | D:6      | Found a staircase to the Ecumenical Temple.
  4524 | Temple   | Entered the Ecumenical Temple
  4555 | Temple   | Became a worshipper of Warmaster Okawaru
  4595 | D:6      | Found a white marble altar of Elyvilon.
  4730 | D:6      | Noticed Edmund
  4753 | D:6      | Killed Edmund
  5469 | D:7      | Reached * piety under Okawaru
  5584 | D:7      | Got a faintly glowing bone ring
  5605 | D:7      | Identified the ring of Inasom {rElec rF- rN+ MP-9 Str+6} (You found it on level 7 of the Dungeon)
  5642 | D:7      | Reached XP level 10. HP: 55/60 MP: 1/10
  6291 | D:8      | Found a sparkling altar of Nemelex Xobeh.
  6291 | D:8      | Found a blossoming altar of Fedhas.
  6307 | D:8      | Found Hariykk's Assorted Antiques.
  6341 | D:8      | Found a shattered altar of Ashenzari.
  6549 | D:8      | Found Bucuefopp's Jewellery Shoppe.
  6552 | D:8      | Bought a +4 ring of strength for 324 gold pieces
  6601 | D:8      | Noticed Grum
  6607 | D:8      | Reached ** piety under Okawaru
  6622 | D:8      | Killed Grum
  7179 | D:9      | Noticed a three-headed hydra
  7196 | D:9      | Killed a three-headed hydra
  7196 | D:9      | Reached *** piety under Okawaru
  7196 | D:9      | Reached skill level 10 in Maces & Flails
  7196 | D:9      | Reached skill level 1 in Stealth
  7363 | D:9      | Noticed Maurice
  7373 | D:9      | Killed Maurice
  7373 | D:9      | Received a gift from Okawaru
  7670 | D:9      | Reached **** piety under Okawaru
  7670 | D:9      | Reached XP level 11. HP: 56/68 MP: 2/11
  7871 | D:9      | Found a staircase to the Orcish Mines.
  7876 | Orc:1    | Entered Level 1 of the Orcish Mines
  7968 | Orc:2    | Entered Level 2 of the Orcish Mines
  8033 | Orc:2    | Received a gift from Okawaru
  8789 | Orc:2    | Reached skill level 10 in Shields
  8912 | Orc:2    | Reached ***** piety under Okawaru
  9746 | Orc:2    | Found a staircase to the Elven Halls.
  9799 | Orc:2    | Noticed an orc sorcerer
  9799 | Orc:2    | Noticed an orc sorcerer
  9803 | Orc:2    | Killed an orc sorcerer
  9803 | Orc:2    | Reached skill level 1 in Invocations
  9808 | Orc:2    | Killed an orc sorcerer
  9808 | Orc:2    | Received a gift from Okawaru
 10051 | Orc:2    | Noticed an orc warlord
 10079 | Orc:2    | Killed an orc warlord
 10124 | Orc:2    | Noticed an orc sorcerer
 10133 | Orc:2    | Killed an orc sorcerer
 10133 | Orc:2    | Reached XP level 12. HP: 29/76 MP: 4/13
 10568 | Orc:2    | Found Muboogass's Book Boutique.
 11255 | Orc:2    | Found Zusk's Jewellery Shop.
 11280 | Orc:2    | Found a roughly hewn altar of Beogh.
 11309 | Orc:2    | Noticed a two-headed ogre
 11309 | Orc:2    | Noticed a two-headed ogre
 11313 | Orc:2    | Killed a two-headed ogre
 11341 | Orc:2    | Killed a two-headed ogre
 11730 | Orc:2    | Reached ****** piety under Okawaru
 11906 | Orc:2    | Found Viwuivecs's Food Shoppe.
 11906 | Orc:2    | Noticed an orc high priest
 11991 | Orc:1    | Found a roughly hewn altar of Beogh.
 12209 | Orc:1    | Received a gift from Okawaru
 12275 | Orc:1    | Noticed Urug
 12275 | Orc:1    | Noticed a two-headed ogre
 12540 | D:10     | Entered Level 10 of the Dungeon
 12619 | D:10     | Found an opulent altar of Gozag.
 12649 | D:10     | Found a burning altar of Makhleb.
 12995 | D:10     | Found a sacrificial altar of Ru.
 13052 | D:10     | Noticed a two-headed ogre
 13067 | D:10     | Killed a two-headed ogre
 13554 | D:10     | Noticed a two-headed ogre
 13567 | D:10     | Killed a two-headed ogre
 13583 | D:10     | Found a staircase to the Lair.
 13645 | D:10     | Gained mutation: Your muscles are strong. (Str +2) [potion of beneficial mutation]
 13799 | D:10     | HP: 3/77 [orc priest/divine providence (12)]
 14745 | D:11     | Reached XP level 13. HP: 82/82 MP: 7/16
 14841 | D:11     | Reached skill level 10 in Fighting
 15427 | D:12     | Reached skill level 1 in Evocations
 15746 | D:12     | Received a gift from Okawaru
 15900 | D:8      | Bought an uncursed ring of see invisible for 180 gold pieces
 16640 | D:13     | Noticed a vault guard
 16640 | D:13     | Noticed a vault guard
 16641 | D:13     | Noticed a vault guard
 16641 | D:13     | Noticed a vault guard
 16664 | D:13     | Killed a vault guard
 16679 | D:13     | Killed a vault guard
 16687 | D:13     | Killed a vault guard
 16694 | D:13     | Killed a vault guard
 16721 | D:13     | Noticed a vault guard
 16734 | D:13     | Killed a vault guard
 16744 | D:13     | Found a gate to the Vaults.
 16755 | D:13     | Noticed a vault guard
 16768 | D:13     | Killed a vault guard
 16770 | D:13     | Noticed a vault guard
 16790 | D:13     | Killed a vault guard
 16807 | D:13     | Noticed a vault guard
 16819 | D:13     | Killed a vault guard
 16997 | D:13     | Reached skill level 10 in Armour
 17090 | D:13     | Received a gift from Okawaru
 17132 | D:13     | Gained mutation: Your large and strong wings let you fly indefinitely. [Gargoyle growth]
 17132 | D:13     | Reached XP level 14. HP: 89/90 MP: 8/17
 17684 | Orc:1    | Killed Urug
 17702 | Orc:1    | Noticed an orc warlord
 17796 | Orc:1    | Reached skill level 5 in Invocations
 17811 | Orc:1    | Killed an orc warlord
 17854 | Orc:1    | Found a roughly hewn altar of Beogh.
 18413 | Orc:2    | Found a roughly hewn altar of Beogh.
 18497 | Orc:2    | Found Wugod's Antique Weapon Emporium.
 19366 | Elf:1    | Entered Level 1 of the Elven Halls
 20044 | Lair:1   | Entered Level 1 of the Lair of Beasts
 20916 | Lair:2   | Received a gift from Okawaru
 21095 | Orc:2    | Bought a scorched hand axe for 184 gold pieces
 21095 | Orc:2    | Identified the +9 hand axe "Qaetizuwk" {chop, Str+2} (You bought it in a shop on level 2 of the Orcish Mines)
 21342 | D:14     | Noticed Louise
 21383 | D:14     | Killed Louise
 21614 | D:14     | Noticed Josephine
 21634 | D:13     | Killed Josephine
 21634 | D:13     | Reached XP level 15. HP: 96/96 MP: 10/19
 21657 | D:13     | Reached skill level 5 in Evocations
 21703 | D:14     | Found Azaghoudu's Weapon Boutique.
 21854 | D:14     | Noticed Frances
 21881 | D:14     | Killed Frances
 22208 | D:15     | Entered Level 15 of the Dungeon
 22411 | D:15     | Received a gift from Okawaru
 22436 | D:15     | Got a slimy scale mail {god gift}
 22447 | D:15     | Identified the +1 scale mail "Fienedd" {Str+2} (Okawaru gifted it to you on level 15 of the Dungeon)
 22487 | D:15     | Got a brightly glowing scimitar
 22488 | D:15     | Found a staircase to the Depths.
 22497 | D:15     | Identified the cursed +1 scimitar "Iblil" {slice, *Drain MR++} (You found it on level 15 of the Dungeon)
 22636 | D:15     | Reached skill level 15 in Maces & Flails
 22656 | D:15     | Found a frozen archway.
 22690 | D:15     | Reached skill level 15 in Shields
 22719 | IceCv    | Entered an ice cave
 22959 | IceCv    | Noticed Shayle's ghost (journeyman GrFi)
 22996 | IceCv    | Killed Shayle's ghost
 23088 | IceCv    | Got a pair of distressingly furry boots
 23101 | IceCv    | Identified the +2 pair of boots of the Devil's Team {rC+ MR+} (You found it in an ice cave)
 23375 | IceCv    | Identified the Volume of the Boosting Rocks
 23387 | IceCv    | Got agate-studded ice dragon scales
 23398 | IceCv    | Identified the +3 ice dragon scales of Kotobej {rF- rC++ MR+} (You found it in an ice cave)
 23605 | D:15     | Received a gift from Okawaru
 23914 | D:15     | Found a glowing silver altar of Zin.
 23915 | D:15     | Noticed an angel
 24064 | Depths:1 | Entered Level 1 of the Depths
 24437 | Lair:2   | Got a faintly humming leather armour
 24448 | Lair:2   | Identified the +1 leather armour "Zeckif" {rF+ Str+2 Slay-5} (You found it on level 2 of the Lair of Beasts)
 25163 | Lair:3   | Found a staircase to the Snake Pit.
 25188 | Snake:1  | Entered Level 1 of the Snake Pit
 25247 | Snake:1  | Found Juzuar's Antique Armour Emporium.
 25251 | Snake:1  | Bought a fine scale mail for 234 gold pieces
 25261 | Snake:1  | Identified the +6 scale mail of Pantheism {+Blink Str+4} (You bought it in a shop on level 1 of the Snake Pit)
 25346 | Snake:1  | Reached skill level 1 in Axes
 25355 | Snake:1  | Reached XP level 16. HP: 74/104 MP: 8/20
 25568 | Snake:1  | Found Ziwuuwn's Antique Armour Shoppe.
 25620 | Snake:1  | Bought a twisted scale mail for 279 gold pieces
 25622 | Snake:1  | Found Teacopn's Gadget Emporium.
 25644 | Snake:1  | Bought a lamp of fire for 680 gold pieces
 25669 | Snake:1  | Identified the +0 scale mail of Tebo {rPois MR+ Dex-5} (You bought it in a shop on level 1 of the Snake Pit)
 26245 | Snake:1  | Received a gift from Okawaru
 26250 | Snake:1  | Got a warped war axe {god gift}
 26251 | Snake:1  | Identified the +2 war axe of Dullness {flame, rPois Dex+6} (Okawaru gifted it to you on level 1 of the Snake Pit)
 26337 | Snake:1  | Found Dapt's General Store.
 26596 | Snake:1  | Found a gateway to a bazaar.
 26613 | Bazaar   | Entered a bazaar
 26613 | Bazaar   | Found Ykhlig's Jewellery Boutique.
 26617 | Bazaar   | Found Xocyexkujur's Armour Shoppe.
 26630 | Bazaar   | Found Ejuzotach's Distillery.
 26641 | Bazaar   | Found Ranisopni's Antique Weapon Shop.
 26649 | Bazaar   | Found Qikhlerr's Magic Scroll Shoppe.
 26755 | Snake:2  | Found an iron altar of Okawaru.
 27490 | Snake:2  | Received a gift from Okawaru
 28876 | Snake:3  | Noticed a nagaraja
 28895 | Snake:3  | Killed a nagaraja
 28998 | Snake:3  | Noticed a nagaraja
 29119 | Snake:3  | Killed a nagaraja
 29137 | Snake:3  | Received a gift from Okawaru
 29138 | Snake:3  | Got a heavily runed large shield {god gift}
 29149 | Snake:3  | Identified the +3 large shield of Darkness {rElec rPois MR++ SInv} (Okawaru gifted it to you on level 3 of the Snake Pit)
 29282 | Snake:3  | Cast into level 4 of the Abyss (the power of Zot)
 29340 | Abyss:5  | Entered Level 5 of the Abyss
 29379 | Abyss:5  | Gained mutation: Potions are less effective at restoring your health. [a neqoxec]
 29383 | Abyss:5  | Gained mutation: You are frail. (-10% HP) [a neqoxec]
 29428 | Abyss:5  | Found a corrupted altar of Lugonu.
 29434 | Abyss:5  | Fell from the grace of Okawaru
 29434 | Abyss:5  | Became a worshipper of Lugonu the Unformed
 29434 | Abyss:5  | Reached * piety under Lugonu
 29435 | Snake:3  | Escaped the Abyss
 29448 | Snake:3  | Reached XP level 17. HP: 56/99 MP: 10/21
 29620 | Snake:2  | Reached skill level 5 in Axes
 29626 | Snake:2  | Fell from the grace of Lugonu
 29626 | Snake:2  | Became a worshipper of Warmaster Okawaru
 30060 | Lair:3   | Found a staircase to the Swamp.
 30472 | Lair:3   | Noticed a tentacled starspawn
 30472 | Lair:3   | Cast into level 4 of the Abyss (Lugonu's touch)
 30472 | Abyss:4  | Found a corrupted altar of Lugonu.
 30641 | Abyss:4  | Noticed a tentacled starspawn
 30679 | Abyss:4  | Noticed a hellephant
 30734 | Abyss:4  | Lost intelligence.
 30741 | Abyss:4  | Noticed a tentacled starspawn
 30769 | Abyss:4  | Killed from afar by a starcursed mass

Vault maps used:
D:1:      tarquinn_simple_flora_water_b
D:2:      first_bread
D:3:      chequers_ecumenical_altar_simple, uniq_jessica, uniq_terence,
          uniq_grinder
D:4:      lemuel_doored_altar
D:5:      nicolae_overflow_crystal_walls, uniq_sigmund, uniq_eustachio
D:6:      minmay_diamond_boxcup, elyvilon_altar_3, xom_teletrap_fun, uniq_edmund
D:7:      minmay_mini_ossuary
D:8:      nicolae_ashenzari_panopticon,
          chequers_temple_overflow_statue_of_worship, serial_shops,
          nicolae_shop_behind_doors, shop, uniq_grum
D:9:      hiddenorc1_lemuel, hangedman_ranch, dk_vineyard_2, uniq_maurice
D:10:     lair_entry_dummy, special_room, hangedman_feature_mirror,
          grunt_gozag_breadcrumbs
D:11:     minmay_misc_feat_chi
D:12:     nicolae_twisting_strands, minmay_librarian
D:13:     erik_vaults_2
D:14:     serial_shops, nicolae_shop_stone, uniq_frances, uniq_josephine,
          uniq_louise
D:15:     hangedman_depths_entry_civil_slaughter, portal_ice_cave_entry_imps,
          zin_angel, eino_curves_03
Temple:   dpeg_chambers_temple
Lair:1:   serial_bayou_shore_b, grunt_megastairs_1, serial_bayou_shore_a,
          lemuel_fruit_tree
Lair:2:   minmay_guarded_unrand_snakebite, beast_lair_carwin_2
Lair:3:   minmay_swamp_entry_eels, minmay_snake_entry_spellcaster,
          grunt_megastairs_5
Snake:1:  serial_shops, statue_bzr, shop, nicolae_shop_behind_doors, shop,
          nicolae_shop_statue_plus
Snake:2:  basic_altar, spider_trap, grunt_ministairs_2
Snake:3:  grunt_megastairs_4
Orc:1:    basic_altar, mines2_david, uniq_urug
Orc:2:    pubby_orc_utopia
Elf:1:    eino_elf_arrival_customs, serial_shops, shop, hangedman_elf_represent,
          uniq_asterion, uniq_agnes
Depths:1: enter_ziggurat_f, serial_sigils_hangedman_quiver, abyss_entry,
          grunt_pan_entry_sceptre, hangedman_coc_ice_floe, grunt_ministairs_6,
          dk_noncrumbling_4, cheibriados_altar_1,
          infiniplex_staircase_pool_lava, minmay_shoptagon, uniq_aizul,
          uniq_jorgrun
Abyss:4:  minivault_19, hangedman_relentless_pull,
          nicolae_abyss_rune_star_stuff, evilmike_abyss_exit_3,
          hangedman_abyss_river_spirits
Abyss:5:  small_statue_intersection, eino_small_chamber_without_monster,
          doesnt_abyss_rune_brain_food
Bazaar:   bazaar_kb_twisted_cavern
IceCv:    ice_cave_small_demon

Skill      XL: |  1  2  3  4  5  6  7  8  9 10 11 12 13 14 15 16 17 |
---------------+----------------------------------------------------+-----
Shields        | 4 5 6 8 9 10 12 13 14 15 16 | 16.4
Maces & Flails | 3 4 5 7 8 10 11 12 13 14 15 16 | 16.1
Armour         | 4 5 6 7 8 9 10 12 13 | 13.2
Dodging        | 1 2 |  2.9
Fighting       | 4 5 6 7 9 11 12 13 14 | 14.3
Stealth        | 1 |  1.0
Invocations    | 2 4 5 6 |  6.0
Evocations     | 3 4 5 6 |  6.5
Axes           | 1 4 5 |  5.0

Action                   |  1- 3 |  4- 6 |  7- 9 | 10-12 | 13-15 | 16-18 || total
-------------------------+-------+-------+-------+-------+-------+-------++-------
Melee: Flail             |   164 |   173 |   546 |   899 |   979 |       ||  2761
       Whip              |       |       |       |   154 |    30 |    99 ||   283
       Hand axe          |       |       |       |       |   539 |   668 ||  1207
       Demon whip        |       |       |       |       |    20 |       ||    20
Throw: Tomahawk          |       |       |       |     2 |       |       ||     2
Invok: Heroism           |       |       |       |     9 |     7 |       ||    16
       Finesse           |       |       |       |       |    19 |     2 ||    21
       Depart the Abyss  |       |       |       |       |       |     1 ||     1
 Abil: Fly               |       |       |       |       |     1 |       ||     1
       Evoke Blink       |       |       |       |       |     1 |     2 ||     3
Evoke: Wand              |       |       |       |    16 |     9 |       ||    25
       Lamp of fire      |       |       |       |       |       |     2 ||     2
  Use: Scroll            |     6 |       |     5 |    14 |    16 |     6 ||    47
       Potion            |       |     1 |    11 |    15 |     2 |     8 ||    37
 Stab: Distracted        |       |       |       |       |       |     1 ||     1
  Eat: Chunk             |     1 |     2 |    20 |    32 |    19 |    13 ||    87
       Fruit             |       |       |     1 |       |       |       ||     1
       Meat ration       |       |       |       |       |     2 |       ||     2
       Royal jelly       |       |       |       |       |     1 |       ||     1
       Pizza             |       |       |       |       |       |     1 ||     1
       Beef jerky        |       |       |       |       |       |     1 ||     1
Armor: Scale mail        |   105 |   117 |   270 |    59 |     7 |   311 ||   869
       Skin              |       |       |     1 |    20 |       |       ||    21
       Plate armour      |       |       |       |   159 |   158 |       ||   317
       Ring mail         |       |       |       |    92 |   192 |       ||   284
       Ice dragon scales |       |       |       |       |    32 |       ||    32
       Chain mail        |       |       |       |       |    25 |       ||    25
Dodge: Dodged            |    56 |    58 |   217 |   219 |   259 |   144 ||   953
Block: Shield            |    84 |    86 |   302 |   604 |   488 |       ||  1564
       Large shield      |       |       |       |       |   649 |  1061 ||  1710
